[Event "7th Sharjah Challengers 2024"]
[Site "Sharjah"]
[Date "2024.05.15"]
[Round "2.1"]
[White "Pang, Tao"]
[Black "Hakobyan, Erik"]
[Result "1/2-1/2"]
[ECO "A28"]
[WhiteElo "2496"]
[BlackElo "2340"]
[Annotator "RC"]
[PlyCount "109"]
[EventDate "2024.05.13"]
[EventType "swiss"]
[EventCountry "UAE"]
[SourceTitle "playchess.com"]
[Source "ChessBase"]
[SourceQuality "1"]
[TimeControl "5400+30"]

1. c4 Nf6 2. Nc3 e5 3. Nf3 Nc6 4. e4 Bc5 5. Nxe5 Qe7 6. Nxc6 dxc6 7. d3 Ng4 8. d4 Qf6 9. Be3 Nxe3 10. fxe3 Be7 11. Qf3 Qh4+ 12. g3 Qh6 13. Bd3 Be6 14. O-O O-O-O 15. Rf2 Kb8 16. Bf1 g5 17. e5 g4 18. Qe4 Qg7 19. b4 h5 20. b5 h4 21. bxc6 hxg3 22. hxg3 Qh6 23. Rb1 b6 24. Rbb2 Bg5 25. Bg2 Bxe3 26. d5 Bc5 27. Kf1 Bf5 28. Qf4 Bd3+ 29. Ke1 Qg7 30. Rfd2 Qh7 31. Ne2 Qh2 32. Rxd3 Qxg2 33. Kd2 Rde8 34. Kc3 Qh1 35. Kb3 Qe1 36. a3 Qa1 37. Qxg4 Qxa3+ 38. Kc2 Qa4+ 39. Kd2 Rxe5 40. d6 Bb4+ 41. Rxb4 Qxb4+ 42. Kc2 Qa4+ 43. Kb2 Rb5+ 44. Kc1 Qa1+ 45. Kd2 Rb2+ 46. Ke3 Rxe2+ 47. Kxe2 Rh2+ 48. Kf3 Qf1+ 49. Ke3 Qe1+ 50. Kd4 cxd6 51. Qg8+ Kc7 52. Qxf7+ Kxc6 53. Qd5+ Kc7 54. Qf7+ Kc6 55. Qd5+ 1/2-1/2

[Event "7th Sharjah Challengers 2024"]
[Site "Sharjah"]
[Date "2024.05.15"]
[Round "2.2"]
[White "Delgado Ramirez, Neuris"]
[Black "Laddha, Shubh Jayesh"]
[Result "1-0"]
[ECO "D11"]
[WhiteElo "2489"]
[BlackElo "2325"]
[Annotator "RC"]
[PlyCount "173"]
[EventDate "2024.05.13"]
[EventType "swiss"]
[EventCountry "UAE"]
[SourceTitle "playchess.com"]
[Source "ChessBase"]
[SourceQuality "1"]
[TimeControl "5400+30"]

1. d4 d5 2. Nf3 Nf6 3. e3 c6 4. Bd3 Bg4 5. c4 e6 6. Nc3 Nbd7 7. O-O Be7 8. b3 O-O 9. h3 Bh5 10. Bb2 a5 11. Qc2 Bg6 12. Rad1 Bxd3 13. Qxd3 Bb4 14. Nd2 Qe7 15. e4 Bxc3 16. Bxc3 dxe4 17. Nxe4 a4 18. Nxf6+ Nxf6 19. Rfe1 Rfd8 20. Qf3 axb3 21. axb3 Qd6 22. Re3 Nd7 23. Qg4 Nf6 24. Qe2 b5 25. d5 exd5 26. Be5 Qe7 27. cxb5 cxb5 28. Qxb5 h6 29. Bd4 Qd7 30. Qd3 Ne4 31. Bb2 Nc5 32. Qd2 Ne6 33. Rg3 Qd6 34. Rg4 f5 35. Rg3 Kh7 36. Qc2 g6 37. Rgd3 Rac8 38. Qd2 d4 39. h4 Qf4 40. Qa5 Rc2 41. Rf3 Qc7 42. Qe1 Rxb2 43. Qxe6 Rd6 44. Qe5 Rd7 45. Qb5 Qb7 46. Qa4 Qa7 47. Qb4 d3 48. h5 gxh5 49. Qb5 Rf7 50. Qxd3 Qc5 51. Rf4 Qe5 52. g3 Re2 53. Qf3 Re1+ 54. Rxe1 Qxe1+ 55. Kg2 Kg6 56. Rh4 Qe6 57. b4 Kg7 58. Rxh5 Qd6 59. Rh4 Qe5 60. Qc6 Rf6 61. Qd7+ Kg6 62. Qd4 Qe6 63. Qc4 Qe8 64. Rd4 Rc6 65. Qd5 Rc2 66. Rf4 Qc8 67. g4 Kg7 68. Rxf5 Qc7 69. Qd4+ Kg8 70. Rc5 Qb7+ 71. Kg3 Qb8+ 72. Qe5 Rc3+ 73. f3 Qxe5+ 74. Rxe5 Rb3 75. b5 Kg7 76. Rf5 Rb4 77. Kf2 Kg6 78. Ke2 Rb3 79. Kd2 h5 80. Kc2 Re3 81. Rxh5 Rxf3 82. Rf5 Rg3 83. Rf4 Kg5 84. Rb4 Re3 85. b6 Re8 86. b7 Rb8 87. Kb3 1-0

[Event "7th Sharjah Challengers 2024"]
[Site "Sharjah"]
[Date "2024.05.15"]
[Round "2.3"]
[White "Ezat, Mohamed"]
[Black "Burmakin, Vladimir"]
[Result "1/2-1/2"]
[ECO "D35"]
[WhiteElo "2342"]
[BlackElo "2483"]
[Annotator "TA"]
[PlyCount "53"]
[EventDate "2024.05.13"]
[EventType "swiss"]
[EventCountry "UAE"]
[SourceTitle "playchess.com"]
[Source "ChessBase"]
[SourceQuality "1"]
[TimeControl "5400+30"]

1. d4 d5 2. c4 e6 3. Nc3 c6 4. Nf3 Nf6 5. cxd5 exd5 6. Qc2 Nbd7 7. Bg5 Qa5 8. Nd2 {[%emt 0:02:29] Inhibits Ne4.} Be7 {[%emt 0:07:57] The position is equal.} 9. e3 h6 10. Bh4 O-O 11. g4 Re8 12. Rg1 Ne4 13. Bxe7 Rxe7 14. Ndxe4 dxe4 15. h4 g5 $2 (15... Nb6 $11) 16. hxg5 $18 hxg5 17. Bc4 (17. O-O-O $1 $18 {is the precise move to win.}) 17... Kg7 {[%emt 0:08:48] [#]} (17... Nf6 $16) 18. O-O-O (18. Rh1 $1 $18 {and the rest is easy.} Nf6 19. f4 Bxg4 (19... exf3 $2 20. Qh2 $18) 20. Qh2) 18... Nf6 $16 19. d5 ({White should play} 19. f4 $16 Be6 (19... Nxg4 $2 20. d5 $18) (19... exf3 20. e4 $16) (19... Bxg4 $2 20. Be2 $18) 20. Nxe4 Bxc4 21. Nxf6 (21. Nxg5 $2 Qxa2 22. b3 Qxb3 $19) 21... Kxf6 22. d5 Bxd5 23. Qf5+ Kg7 24. Qxg5+ Kf8 25. Qh6+ Ke8 26. Qh8+ Kd7 27. Qxa8) 19... b5 (19... Bxg4 $6 20. Be2 Bf5 21. Rxg5+ Bg6 22. Rdg1 cxd5 23. f4 $16) (19... Bd7 $11 {keeps the balance.}) 20. d6 $36 {[%emt 0:05:43][%mdl 2048] White has strong initiative.} Re8 {[%emt 0:12:21] [#]} 21. Bb3 {[%emt 0:02:00][%cal Oc3e4] aiming for Nxe4!} Bd7 22. Kb1 Qb6 23. Rd4 ({Better is} 23. Ne2 $16) 23... Qc5 (23... c5 $11 24. Rd5 Nxd5 25. Bxd5 Rad8 26. Nxe4 (26. Bxe4 $2 Qxd6 27. Ne2 Kf8 $19) 26... Rxe4 27. Bxe4 Qxd6) 24. Nxe4 Nxe4 25. Rxe4 Qc4 26. Qc3+ $4 (26. Bxc4 bxc4 27. Rxe8 (27. Rxc4 Rh8 $18) 27... Rxe8 28. Rh1 (28. Qxc4 a5 $18) (28. Qc3+ f6 $18) 28... Bxg4 29. Rh7+ (29. Qxc4 Bf5+ 30. Ka1 Bd7 $18) (29. Qh7+ Kf6 30. Rh6+ Ke5 31. Qg7+ Kf5 32. d7 Ke4 33. Qd4+ Kf3 34. Qd1+ Kxf2) 29... Kf6 30. Rh6+ (30. Qxc4 Bf5+ 31. Kc1 Bxh7 $18) 30... Ke5 31. Qc3+ (31. Qxc4 Bf5+ 32. Kc1 Bg6 $18) 31... Ke4 32. Qxc4+ Kf3 33. Rf6+ (33. Qxc6+ Ke2 34. Qc4+ Kf3 35. Rf6+ Bf5+ 36. Rxf5+ Kg2 37. Rxg5+ Kf3 38. Qg4+ Kxf2) 33... Bf5+ 34. Rxf5+ Kg2 35. Rxg5+ Kf3 36. Qg4+ (36. Qxf7+ Ke2 37. Qxe8 Kf1 38. d7 Ke1 39. d8=Q a6 40. Qxc6 Kf1 41. Qd1+ Kxf2 42. Qcf3#) 36... Kxf2 37. Qf4+ Ke1 38. Rg2 (38. Qxf7 Kd2 39. Qxe8 Kd3 40. d7 Ke2 41. d8=Q Ke1 42. Rg1+ Kf2 43. Qd1 c5 44. Qf1#) 38... Rf8 39. Qh4+ Kf1 40. Qh1#) 26... Qxc3 $19 27. Bc2 {[%emt 0:00:31][%mdl 32768] Against Qd3.   Weighted Error Value: White=0.60/Black=0.77.  Loses game:     	---       	Black=2      Missed win:     	White=1     	---        Mistake:       	White=4     	Black=3      Inaccurate:     	White=1     	Black=1      OK:         	White=8     	Black=2      Best:        	White=1     	Black=2     . An unexpected result.} (27. Rxe8 $142 Qxb3 (27... Qd3+ $2 28. Bc2 $19) 28. axb3 Rxe8 (28... Bxe8 $2 29. Kc2 $19) 29. Kc2) 1/2-1/2

[Event "7th Sharjah Challengers 2024"]
[Site "Sharjah"]
[Date "2024.05.15"]
[Round "2.4"]
[White "Farahat, Ali"]
[Black "Movahed, Sina"]
[Result "1-0"]
[ECO "D05"]
[WhiteElo "2327"]
[BlackElo "2464"]
[Annotator "TA"]
[PlyCount "73"]
[EventDate "2024.05.13"]
[EventType "swiss"]
[EventCountry "UAE"]
[SourceTitle "playchess.com"]
[Source "ChessBase"]
[SourceQuality "1"]
[TimeControl "5400+30"]

1. d4 Nf6 2. Nf3 d5 3. e3 e6 4. Bd3 b6 5. O-O Bb7 6. b3 Bd6 7. Bb2 O-O 8. Nbd2 Nbd7 9. Ne5 c5 10. f4 Qc7 (10... cxd4 $11 11. exd4 Ne4) 11. Nxd7 $14 Qxd7 {[%emt 0:05:39] [#]} 12. dxc5 $1 Be7 13. cxb6 {[%emt 0:00:44] White is better.} axb6 14. Nf3 Qc7 15. Be5 Qd8 16. Bd4 {[%emt 0:11:47] White is more active.} Ne4 17. Qe2 Qc7 18. Nd2 Nxd2 19. Qxd2 f6 20. Qe2 Bc5 21. c4 Rae8 (21... Bxd4 $142 22. exd4 Rfe8) 22. Qc2 $16 e5 $2 {[%emt 0:05:19] Loses the game.} (22... g6 $16 23. cxd5 Bxd5 24. Bxc5 Qxc5) 23. Bxh7+ Kh8 24. Bxc5 Qxc5 25. Bg6 Qxe3+ 26. Kh1 {[%emt 0:00:07] [#] White threatens Qf5 and mate.} exf4 27. Bxe8 $40 {[%emt 0:01:47][%mdl 128] White goes for the king.} Rxe8 28. Qf2 Re4 29. cxd5 Bxd5 30. Rad1 Qxf2 (30... Re5 {might work better.} 31. Qxe3 (31. Qxf4 Bxg2+ 32. Kxg2 Rg5+ 33. Kh1 Rg1+ 34. Rxg1 Qxf4 $11) 31... fxe3) 31. Rxf2 $18 {[%emt 0:20:22][%mdl 4096] Endgame. KRR-KRB} g5 32. Kg1 (32. Rxd5 $2 {gets mated.} Re1+) 32... Re5 33. Rfd2 {[%emt 0:00:00] White is clearly winning.} Be6 34. Kf2 Ra5 35. Re1 Bd5 36. Re7 Kg8 37. b4 {[%emt 0:00:00] Weighted Error Value: White=0.09 (flawless) /Black=0.40.  Loses game:     	---       	Black=1      Mistake:       	---       	Black=2      Inaccurate:     	---       	Black=2      OK:         	White=12    	Black=3      Best:        	---       	Black=3      Strong:       	White=1     	---} 1-0

[Event "7th Sharjah Challengers 2024"]
[Site "Sharjah"]
[Date "2024.05.15"]
[Round "2.5"]
[White "Nitish Belurkar"]
[Black "Kanyamarala, Tarun"]
[Result "1/2-1/2"]
[ECO "A13"]
[WhiteElo "2451"]
[BlackElo "2302"]
[Annotator "RC"]
[PlyCount "121"]
[EventDate "2024.05.13"]
[EventType "swiss"]
[EventCountry "UAE"]
[SourceTitle "playchess.com"]
[Source "ChessBase"]
[SourceQuality "1"]
[TimeControl "5400+30"]

1. c4 e6 2. g3 d5 3. Bg2 Nf6 4. Nf3 d4 5. O-O c5 6. e3 Nc6 7. exd4 cxd4 8. d3 Bd6 9. Bg5 h6 10. Bxf6 Qxf6 11. Nbd2 O-O 12. Ne4 Qe7 13. Nxd6 Qxd6 14. Nd2 b6 15. b4 Rb8 16. a3 a5 17. b5 Ne5 18. Qc2 Bb7 19. Bxb7 Rxb7 20. a4 Qb4 21. Nb3 Rd8 22. Rfc1 Rc7 23. Kg2 Qd6 24. Re1 Nd7 25. Qd2 Nc5 26. Nxc5 Rxc5 27. Re2 Re5 28. Rxe5 Qxe5 29. Re1 Qd6 30. f4 Qa3 31. Qd1 Rc8 32. Re5 Qa2+ 33. Re2 Qa3 34. Re5 Qa2+ 35. Kh3 Qf2 36. Qe2 Qxe2 37. Rxe2 Kf8 38. Re4 Rd8 39. g4 Ke7 40. Kg3 g5 41. Kf3 f6 42. h3 Rd7 43. Kg3 Rd8 44. Kf3 Rd7 45. Ke2 Rd8 46. Kf2 Rd7 47. Kg3 Rd8 48. Kf2 Rd7 49. Ke2 Rd8 50. Kd2 Rd7 51. Kc2 Rd8 52. Kb3 gxf4 53. Rxf4 e5 54. Rf5 Rc8 55. Rh5 Rh8 56. Rf5 Rc8 57. Kc2 Rf8 58. Rh5 Rh8 59. Rf5 Rf8 60. Rh5 Rh8 61. Rf5 1/2-1/2

[Event "7th Sharjah Challengers 2024"]
[Site "Sharjah"]
[Date "2024.05.15"]
[Round "2.6"]
[White "Heinemann, Josefine"]
[Black "Lashkin, Jegor"]
[Result "0-1"]
[ECO "B52"]
[WhiteElo "2304"]
[BlackElo "2449"]
[Annotator "TA"]
[PlyCount "72"]
[EventDate "2024.05.13"]
[EventType "swiss"]
[EventCountry "UAE"]
[SourceTitle "playchess.com"]
[Source "ChessBase"]
[SourceQuality "1"]
[TimeControl "5400+30"]

1. e4 c5 2. Nf3 d6 3. Bb5+ Bd7 4. Bxd7+ Qxd7 5. c4 e5 6. Nc3 Nc6 7. O-O Be7 8. a3 Bd8 9. d3 {[%emt 0:04:20] White has an edge.} Nge7 10. Rb1 O-O 11. b4 f5 12. exf5 Nxf5 13. Qe2 Bf6 14. Qe4 Kh8 15. Be3 b6 16. Rfe1 Rae8 17. Nd5 Bd8 18. h3 h6 19. Rbc1 Nce7 20. Nxe7 Nxe7 21. Nh4 Rf6 22. Rb1 g5 23. Nf3 Ng6 24. Bd2 Qf7 25. bxc5 dxc5 26. Bc3 Bc7 27. Re3 Kg8 28. Rbe1 Bd6 ({Black should try} 28... Rf4 $14 29. Qc6 Rf8) 29. g3 (29. h4 $16) 29... Rf8 $11 30. Kg2 (30. Nxe5 Nxe5 31. Bxe5 Rxf2 $17 (31... Bxe5 32. Qxe5 Rxf2 33. Qd5 $11)) 30... Ne7 31. g4 {[%emt 0:04:28][%mdl 8192] [#] Dodges Nf5} (31. Nxe5 Rxf2+ 32. Kg1 Rf1+ 33. Kh2 Qf2+ 34. Qg2 Qxg2+ 35. Kxg2 R8f2#) (31. Bxe5 $2 Bxe5 32. Qb7 (32. Nxe5 Rxf2+ 33. Kh1 Rf1+ 34. Kh2 Qf2+ 35. Qg2 Qxg2+ 36. Kxg2 R8f2#) (32. Qxe5 Rxf3 33. Qe6 Rxf2+ 34. Kg1 Nc6 $19) 32... Kh8 $19 (32... Ng6 33. Qxf7+ R8xf7 34. Nxe5 $15) (32... Rb8 $2 33. Qxa7 Rf8 34. Qb7 $19)) (31. Rf1 $11) 31... Rf4 $19 32. Nxe5 Bxe5 ({Don't blunder} 32... Rxe4 $2 33. Nxf7 Rxe3 34. Nxh6+ (34. Nxd6 $2 {too greedy.} Rxe1 35. Bxe1 Rd8 $19) 34... Kh7 35. Rxe3 $18) 33. Qxe5 Rxf2+ 34. Kg3 {[%emt 0:00:05] [#]} Qf3+ $3 35. Rxf3 Rf5 $4 36. Rxf2 Rxf2 {[%emt 0:00:00][%mdl 32768] Quite a comeback for White.   Weighted Error Value: White=0.64/Black=0.24 (precise) .  Loses game:     	White=1     	---        Mistake:       	White=1     	Black=1      Inaccurate:     	White=2     	Black=1      OK:         	White=10    	Black=7      Best:        	---       	Black=2     . Loss on time!?} 0-1

[Event "7th Sharjah Challengers 2024"]
[Site "Sharjah"]
[Date "2024.05.15"]
[Round "2.7"]
[White "Divya Deshmukh"]
[Black "Nagarkatte Vedant"]
[Result "1-0"]
[ECO "E11"]
[WhiteElo "2443"]
[BlackElo "2299"]
[Annotator "TA"]
[PlyCount "53"]
[EventDate "2024.05.13"]
[EventType "swiss"]
[EventCountry "UAE"]
[SourceTitle "playchess.com"]
[Source "ChessBase"]
[SourceQuality "1"]
[TimeControl "5400+30"]

1. Nf3 d5 2. d4 Nf6 3. c4 e6 4. g3 Bb4+ 5. Bd2 Be7 6. Bg2 c6 7. Qc2 O-O 8. O-O b6 9. Bf4 Ba6 10. Nbd2 Nbd7 11. Rfd1 Bb7 12. e4 dxe4 13. Nxe4 {[%emt 0:01:37] White is slightly better.} Nxe4 14. Qxe4 Nf6 15. Qc2 Qc8 16. Ne5 Rd8 17. Qa4 Rd6 18. b4 b5 19. Qb3 {[%emt 0:02:37] Threatens to win with cxb5. White is much more active.} ({Don't play} 19. cxb5 $6 cxb5 20. Qxb5 Rb6 $11) 19... bxc4 20. Nxc4 Rd8 21. Rac1 {[%emt 0:00:00][%cal Ba1c1,Bc1c4,Bc4c2,Bc2e2][%mdl 32] Black must now prevent b5.} Nd5 22. Na5 $36 {[%emt 0:00:00][%mdl 2048] Black is under strong pressure.} a6 23. Rc4 Qd7 ({Don't go for} 23... Nxf4 $2 24. gxf4 Rd5 25. Rdc1 $18 (25. Bxd5 exd5 26. Rcc1 Rb8 $18)) 24. Bxd5 exd5 25. Rc2 Rdc8 ({Better is} 25... Bf8 $14) 26. Re2 Bd8 $2 {[%emt 0:00:26][%mdl 8192] [#]} (26... Bf8 $16 {is more resistant.} 27. Rde1 h6) 27. Nxb7 {[%emt 0:03:30] Black got outplayed after the opening.   Weighted Error Value: White=0.07 (flawless) /Black=0.50.  Loses game:     	---       	Black=1      Mistake:       	---       	Black=1      Inaccurate:     	---       	Black=2      OK:         	White=3     	Black=5      Best:        	White=1     	Black=1} 1-0

[Event "7th Sharjah Challengers 2024"]
[Site "Sharjah"]
[Date "2024.05.15"]
[Round "2.8"]
[White "Lopez Rayo, Santiago"]
[Black "Mohammad Fahad, Rahman"]
[Result "1/2-1/2"]
[ECO "B45"]
[WhiteElo "2301"]
[BlackElo "2435"]
[Annotator "TA"]
[PlyCount "75"]
[EventDate "2024.05.13"]
[EventType "swiss"]
[EventCountry "UAE"]
[SourceTitle "playchess.com"]
[Source "ChessBase"]
[SourceQuality "1"]
[TimeControl "5400+30"]

1. e4 c5 2. Nf3 e6 3. d4 cxd4 4. Nxd4 Nf6 5. Nc3 Nc6 6. Nxc6 bxc6 7. e5 Nd5 8. Ne4 Bb7 9. Be2 c5 10. O-O Qc7 {[%emt 0:00:08] [#]} 11. Nd6+ $1 {[%emt 0:01:25] White is slightly better.} Bxd6 12. exd6 Qc6 (12... Qxd6 $2 {is the wrong capture.} 13. c4 $18) 13. f3 Qb6 (13... Qxd6 $2 {perishes.} 14. c4 $18) 14. c4 Nb4 15. Be3 {[%emt 0:03:47] And now a3 would win.} Nc6 {[%emt 0:03:22] [#]} (15... a5 $1 $11 {remains equal.}) 16. b4 $1 $16 Nxb4 17. Rb1 Qc6 18. a3 {[%emt 0:02:58][%mdl 1024] White has strong compensation.} Na6 {[%emt 0:00:07] [#] Black is weak on the dark squares} 19. Rb5 $1 {[%emt 0:12:45] Qb3 is the strong threat.} Qc8 20. Qe1 (20. Bd3 $16) 20... O-O $1 $14 21. Bd3 Bc6 {[%emt 0:03:08] [#]} 22. Qa5 $1 e5 {[%emt 0:07:55] [#]} ({Don't go for} 22... Bxb5 $2 23. cxb5 c4 24. Be4 $18) (22... f5 23. Rbb1) 23. Qc3 $1 {[%emt 0:06:10] White has more active pieces.} Re8 {[%emt 0:02:14] [#]} 24. Qc2 $1 g6 {[%emt 0:15:07] [#]} 25. Bg5 Bxb5 $11 26. cxb5 {[%emt 0:00:15] [#]} c4 $1 27. Bxc4 {[%emt 0:05:56][%cal Of1c1] Rc1! would now be deadly.} Nc5 28. Be3 Nb7 $1 29. Qd3 {[%emt 0:02:14] [#]} (29. Qb3 $1 $15 Nxd6 30. Bd5) 29... Nxd6 $1 $17 30. Bd5 Nf5 31. Bf2 {[%emt 0:02:32] This pair of bishops is nice.} Qc7 32. Bxa8 {[%emt 0:00:07] The position is equal.} Rxa8 33. Rd1 $36 {[%emt 0:00:10][%mdl 2048] White is more active.} Rd8 34. g4 {[%emt 0:00:10] [#]} Nd4 35. Bxd4 exd4 36. Qxd4 d5 37. a4 h6 38. Rd2 {[%emt 0:00:37] Weighted Error Value: White=0.13 (very precise) /Black=0.12 (very precise) .  Mistake:       	White=3     	Black=2      Inaccurate:     	White=1     	Black=2      OK:         	White=11    	Black=13     Best:        	White=2     	Black=1      Strong:       	White=1     	Black=2      Brilliant:      	White=1     	Black=2} 1/2-1/2

[Event "7th Sharjah Challengers 2024"]
[Site "Sharjah"]
[Date "2024.05.15"]
[Round "2.9"]
[White "Garifullina, Leya"]
[Black "George Micheal, Kevin"]
[Result "1-0"]
[ECO "B90"]
[WhiteElo "2431"]
[BlackElo "2263"]
[Annotator "TA"]
[PlyCount "89"]
[EventDate "2024.05.13"]
[EventType "swiss"]
[EventCountry "UAE"]
[SourceTitle "playchess.com"]
[Source "ChessBase"]
[SourceQuality "1"]
[TimeControl "5400+30"]

1. e4 c5 2. Nf3 d6 3. d4 cxd4 4. Nxd4 Nf6 5. Nc3 a6 6. Be3 e5 7. Nb3 Be7 8. f3 Be6 9. Qd2 h5 10. O-O-O Nbd7 11. Kb1 Rc8 12. Bd3 b5 13. h3 h4 14. f4 {[%emt 0:00:05] The position is equal.} O-O 15. f5 ({Better is} 15. Bf2 $14) 15... Bc4 (15... b4 $5 16. fxe6 bxc3 $16) 16. g3 hxg3 17. Rdg1 d5 {[%emt 0:27:05] And now ...d4 would win.} 18. exd5 e4 $2 (18... b4 $15 {stays ahead.} 19. Ne2 g2 (19... Bxd5 20. Nxg3 Bxh1 21. Nxh1 $17) 20. Rxg2 Bxd5) 19. Bxc4 $16 (19. Bxe4 $2 b4 20. Bd4 (20. d6 $2 bxc3 21. dxe7 Qxe7 $19) 20... bxc3 $19) (19. Nxe4 Bxd5 20. Nxg3 (20. Qg2 Bd6 $17) 20... Bxh1 21. Nxh1 Re8 $15) 19... bxc4 20. d6 cxb3 21. axb3 (21. dxe7 bxc2+ 22. Qxc2 Qxe7 $14) 21... Ne5 $2 22. dxe7 $18 Qxe7 23. Rxg3 Nh5 {[%emt 0:01:01] [#]} 24. Rg4 Qf6 {[%emt 0:14:25] [#]} (24... Nf3 25. Qg2) 25. Qg2 $1 Qxf5 26. Rf1 {[%emt 0:08:36] Against Qf3} (26. Rxe4 Rfe8 27. Rg1 (27. Rf1 Qg6 $18) 27... Rcd8 $18) (26. Qxe4 Qxe4 27. Rxe4 Ng3 28. Rxe5 Nxh1 $11) (26. Rg5 $142 Qf3 27. Rg1 (27. Nxe4 Qxg2 28. Rxg2 f5 $16) (27. Qxf3 Nxf3 28. Rxh5 f5 $18)) 26... Nxg4 27. hxg4 (27. Rxf5 $6 Nxe3 28. Qxe4 Nxf5 29. Qxf5 g6 $16) 27... Qg6 {[%emt 0:00:08] aiming for ...f5.} 28. Nd5 {[%emt 0:01:04][%mdl 1024] White has strong compensation.} Rfe8 {[%emt 0:03:34][%cal Bf8e8,Be8e5,Be5a5][%mdl 32] Against Ne7+} 29. Qh3 Nf6 {[%emt 0:00:07] [#]} 30. Rh1 $1 Kf8 (30... Nh7 31. g5) 31. Qh8+ Ng8 32. g5 $2 (32. Nf4 $18 Qd6 (32... Qxg4 $2 {is the wrong capture.} 33. Rg1 $18) 33. Nh5) 32... Qc6 (32... Qf5 $16 {keeps fighting.} 33. c4 Re6) 33. c4 Re5 34. Rh7 Qg6 35. Nf4 Qf5 (35... Qxg5 $18 36. Ne6+ fxe6 37. Bxg5 Rxg5) 36. Qxg7+ {[%emt 0:00:46] Black is weak on the dark squares} Ke8 37. Qxg8+ Ke7 38. Qg7 Ra5 39. g6 Rf8 40. gxf7 Rxf7 41. Nd5+ (41. Qxf7+ $142 Qxf7 42. Nd5+ (42. Rxf7+ Kxf7 43. Nd5 Ke6 $18) 42... Ke6 43. Rxf7 Kxf7 44. Bb6 Ra1+ 45. Kxa1 Ke6 46. Nc3) 41... Ke6 42. Qxf7+ {[%emt 0:00:10] White mates.} Qxf7 43. Rxf7 Kxf7 44. b4 Rxd5 45. cxd5 {[%emt 0:00:04] Weighted Error Value: White=0.21 (precise) /Black=0.72.  Loses game:     	---       	Black=2      Missed win:     	White=1     	---        Mistake:       	White=2     	Black=2      Inaccurate:     	White=2     	Black=2      OK:         	White=7     	Black=7      Best:        	White=4     	Black=2      Strong:       	White=1     	---        Brilliant:      	White=1     	---} 1-0

[Event "7th Sharjah Challengers 2024"]
[Site "Sharjah"]
[Date "2024.05.15"]
[Round "2.11"]
[White "Devnani Kush"]
[Black "Hesham, Abdelrahman"]
[Result "1-0"]
[ECO "E92"]
[WhiteElo "2250"]
[BlackElo "2394"]
[Annotator "TA"]
[PlyCount "101"]
[EventDate "2024.05.13"]
[EventType "swiss"]
[EventCountry "UAE"]
[SourceTitle "playchess.com"]
[Source "ChessBase"]
[SourceQuality "1"]
[TimeControl "5400+30"]

1. d4 Nf6 2. c4 g6 3. Nc3 Bg7 4. e4 d6 5. Nf3 O-O 6. Be2 e5 7. Be3 exd4 8. Nxd4 Re8 9. f3 c6 10. Bf2 d5 11. exd5 cxd5 12. O-O Nc6 13. c5 Bd7 14. Ndb5 Re7 15. Re1 a6 {[%emt 0:00:05] The position is equal.} 16. Nd6 Be6 17. Na4 Qf8 18. Nb6 Rd8 19. Qa4 Ne8 20. Nxb7 $1 Rxb7 21. Qxc6 Rc7 22. Qa4 Rxc5 23. Rad1 Qd6 24. Qb4 d4 25. Na4 Rc6 26. Qxd6 Rdxd6 27. Bd3 Nc7 28. Bg3 Rd8 29. Rc1 $36 {[%emt 0:00:15][%mdl 2048] White has some pressure.} Rxc1 30. Rxc1 Nd5 31. a3 {[%emt 0:02:52][%cal Oc1c6] Wards off Nb4} (31. Bxa6 Nb4 32. Nc5 Nxa6 (32... Nxa2 33. Nxe6 fxe6 34. Re1 $16) (32... Bxa2 33. Bc7 $11) 33. Nxa6 d3 $19 (33... Bxa2 34. Nb4 $15)) 31... Bh6 (31... Bd7 $11 {feels stronger.} 32. Nc5 Bh6) 32. Rc6 $14 Nf4 33. Bxf4 Bxf4 34. Nc5 Bd5 35. Rxa6 Kg7 36. b4 h5 37. Ra7 Re8 38. Be4 (38. Kf2 $14) 38... Bc4 $11 {[%emt 0:01:00] A strong pair of Bishops.} 39. Rd7 {[%emt 0:00:32] [#]} (39. Kf2 $11) 39... Kh6 $2 (39... Bb5 $1 $17 {keeps the pressure on.} 40. Rb7 (40. Rxd4 $2 Be3+ 41. Kh1 Bxd4 $19) 40... Be3+ 41. Kh1 d3 42. Nxd3 (42. Rxb5 d2 $17) 42... Bxd3 43. Bxd3 h4) 40. g3 (40. Rxd4 $2 {too greedy.} Be3+ 41. Kh1 Bxd4 $19) 40... Be3+ 41. Kg2 {[%emt 0:00:01] Threatens to win with a4. White is more active.} f5 {[%emt 0:00:56] [#]} 42. Bd5 Bb5 43. Rd6 {[%emt 0:00:23] Hoping for a4.} Re7 $2 (43... d3 $14) 44. a4 $18 Be2 45. f4 (45. Be6 $18 {has better winning chances.} Kg7 46. Bb3) 45... h4 $16 46. Ne6 (46. gxh4 $16 {Bf3 is the strong threat.} Bd2 47. Re6 Rxe6 48. Nxe6 Bxb4 49. Nxd4) 46... d3 $11 47. Bc4 {[%emt 0:00:16] [#]} h3+ $1 48. Kxh3 {[%emt 0:00:13][%cal Oh3g2] Strongly threatening Kg2!} Bg4+ (48... Bf1+ $11 49. Kh4 Rxe6 50. Rxe6 d2) 49. Kg2 $14 d2 50. Nf8 (50. Bb3 $14) 50... Kg7 $2 (50... d1=Q $11 51. Rxg6+ Kh5 52. Rg5+ Kh6 53. Rg6+ Kh5 54. Rg5+ Kh6 55. Rg6+) 51. Rxg6+ {[%emt 0:00:11] Weighted Error Value: White=0.17 (very precise) /Black=0.34.  Loses game:     	---       	Black=2      Mistake:       	White=5     	Black=3      Inaccurate:     	White=1     	---        OK:         	White=18    	Black=19     Best:        	White=6     	Black=5      Strong:       	White=1     	---} 1-0